 Dungeon Crawl Stone Soup version 0.30-a0-824-g6c64550be9 (webtiles) character file.

Game seed: 2497673266365096734

87 Pimp the Trooper (level 4, -1/54 HPs)
             Began as a Demonspawn Berserker on Feb 27, 2023.
             Was a Believer of Trog.
             Slain by Grinder (5 damage)
             ... on level 3 of the Dungeon.
             The game lasted 00:03:38 (1749 turns).

Pimp the Trooper (Demonspawn Berserker)             Turns: 1749, Time: 00:03:39

Health: -1/54      AC:  7    Str: 20    XL:     4   Next: 28%
Magic:  4/4        EV: 12    Int:  8    God:    Trog [**....]
Gold:   57         SH:  0    Dex: 12    Spells: 3/3 levels left

rFire   . . .      SeeInvis .    a - +0 hand axe
rCold   . . .      Faith    .    (no shield)
rNeg    . . .      Spirit   .    b - +0 animal skin
rPois   .          Reflect  .    (no helmet)
rElec   .          Harm     .    (no cloak)
rCorr   .          Rampage  .    f - +2 pair of gloves
Will    .....                    (no boots) Stlth
                                 (no amulet)
HPRegen 0.29/turn                (no ring)
MPRegen 0.09/turn                (no ring)

@: berserking, hasted, very quick
A: icy blue scales 1
a: Renounce Religion, Berserk, Trog's Hand


You were on level 3 of the Dungeon.
You worshipped Trog.
Trog was pleased with you.
You visited 1 branch of the dungeon, and saw 3 of its levels.

You collected 57 gold pieces.

Inventory:

Hand Weapons
 a - a +0 hand axe (weapon)
Armour
 b - a +0 animal skin (worn)
 f - a +2 pair of gloves (worn)
Jewellery
 h - a ring of magical power
Scrolls
 d - a scroll of vulnerability
 g - 4 scrolls of teleportation
Potions
 e - a potion of heal wounds
 i - a potion of cancellation
 k - a potion of degeneration {unknown}
 l - a potion of curing {unknown}


   Skills:
 + Level 3.6 Fighting
 + Level 3.2 Axes
 + Level 2.6 Armour
 + Level 2.5 Dodging


You had 3 spell levels left.
You didn't know any spells.
Your spell library was empty.

Dungeon Overview and Level Annotations

Branches:
Dungeon (3/15)

Altars:

Annotations:
D:3 Grinder


Innate Abilities, Weirdness & Mutations

You are partially covered in icy blue scales. (AC +2)


Message History

Grinder gestures at you.
You suddenly lose the ability to move!
Grinder blinks!
You can move again.
Okay, then.
Okay, then.
Okay, then.
As you read the scroll of identify, it crumbles to dust.
e - a potion of heal wounds
As you read the scroll of identify, it crumbles to dust.
j - a potion of haste A kobold comes into view.
It is wielding a +0 short sword.
As you read the scroll of identify, it crumbles to dust.
i - a potion of cancellation The kobold shouts!
Grinder blinks!
You feel yourself speed up.
You closely miss Grinder.
Grinder zaps a wand.
The bolt of light hits you!!
Ouch! That really hurt!
The bolt of light hits the kobold!!
The kobold dies!
The now-empty wand crumbles to dust.
You barely miss Grinder. You hit Grinder. You punch Grinder, but do no damage.
Grinder is lightly wounded.
Grinder barely misses you.
You barely miss Grinder.
Grinder is lightly wounded.
Grinder hits you.
You writhe in agony.
* * * LOW HITPOINT WARNING * * *
A red film seems to cover your vision as you go berserk!
You feel yourself moving faster!
You feel mighty! Grinder barely misses you.
You closely miss Grinder.
Grinder is lightly wounded.
You closely miss Grinder.
Grinder is lightly wounded.
Grinder hits you!
* * * LOW HITPOINT WARNING * * *
You writhe in agony.
You die...

#########
#.......####.####
#.#####5@.).....#
###.#####..###.##.#
#......##..#
#.#.##.##..# #.#.#
##..# #.#.. ...#
#######.#### #####
#..........######
#..##.#..#......#


You could see Grinder.

Vanquished Creatures
  3 adders (D:2)
  A worm (D:2)
  A dart slug (D:1)
  11 bats
  8 endoplasms
  A giant cockroach (D:1)
  7 hobgoblins
  A kobold (D:2)
  2 quokkas
  5 ball pythons
  2 frilled lizards
  5 goblins
  4 rats
51 creatures vanquished.

Vanquished Creatures (others)
  A kobold (D:3)
1 creature vanquished.

Grand Total: 52 creatures vanquished

Notes
Turn   | Place    | Note
-------+----------+-------------------------------------------
     0 | D:1      | Pimp the Demonspawn Berserker began the quest for the Orb.
     0 | D:1      | Reached XP level 1. HP: 18/18 MP: 1/1
   214 | D:1      | Gained mutation: You are partially covered in icy blue
                  | scales. (AC +2) [demonic ancestry]
   214 | D:1      | Reached XP level 2. HP: 19/24 MP: 2/2
   647 | D:1      | Reached ** piety under Trog
   788 | D:1      | Reached XP level 3. HP: 28/29 MP: 3/3
  1427 | D:2      | Reached XP level 4. HP: 35/35 MP: 4/4
  1516 | D:2      | Found a faded altar of an unknown god.
  1731 | D:3      | Noticed Grinder
  1731 | D:3      | Paralysed by Grinder for 3 turns
  1749 | D:3      | Slain by Grinder

Illustrated notes

Levels and vault maps discovered:
D:1:      roderic_chinese_lattice_arrival, layout_loops_corners
D:2:      layout_loops_cross, chequers_ecumenical_altar_simple_redux
D:3:      layout_loops_cross, uniq_grinder

Skill      XL: |  1  2 |
---------------+-------+-----
Armour         | 2 |  2.6
Dodging        | 2 |  2.5
Axes           | 3 |  3.2
Fighting       | |  3.6

Action                     |  1- 3 |  4- 6 || total
---------------------------+-------+-------++-------
  Melee: Hand axe          |   107 |    36 ||   143
         Punch             |       |     1 ||     1
 Invoke: Berserk           |       |     1 ||     1
    Use: Scroll            |     3 |     3 ||     6
         Potion            |       |     1 ||     1
   Stab: Sleeping          |     2 |       ||     2
         Distracted        |     1 |       ||     1
 Armour: Animal skin       |    53 |    13 ||    66
  Dodge: Dodged            |    90 |    25 ||   115

Table legend: (Time is in decaauts)
 A = Elapsed time spent in this place.
 B = Non-inter-level travel time spent in this place.
 C = Inter-level travel time spent in this place.
 D = Time resting spent in this place.
 E = Time spent auto-exploring this place.
 F = Levels seen in this place.
 G = Mean time per level.
                   A        B        C        D        E       F      G
               +--------+--------+--------+--------+--------+-----+--------+
         Total |   1767 |   1704 |     63 |     48 |   1223 |   3 |  589.0 |
       Dungeon |   1767 |   1704 |     63 |     48 |   1223 |   3 |  589.0 |
               +--------+--------+--------+--------+--------+-----+--------+

Top non-repeatable levels by time:
     D:1: 1034 daAuts
     D:2: 641 daAuts
     D:3: 91 daAuts
